Unix NetHack Version 5.0.0-0 post-release - last build May  4 2026 22:22:43 (774f63e81ad911689b3a0859ea89b322d5daca8d,branch:main).

Game began 2026-05-05 11:28:21, ended 2026-05-05 11:36:20.

GdeVolpiano, lawful female dwarven Cavewoman

               -------------
              #............| --------
              #|........>...#|.......####
              #|...........|#|....".|   #  -----
        #######|...........|#|.""...|   #  |{..|
        #      -----------.-#|.."-+--   #  |...|
 ------##                   #|"..|      #  |...|
 |...@.#                   ##....|      #  |...|
 |..fi|                     0-----      ###....|
 |<....                                    -----
 ------

GdeVolpiano the Troglodyte  St:18/02 Dx:12 Co:18 In:8 Wi:9 Ch:8  Lawful
Dlvl:4  $:33 HP:0(26) Pw:2(2) AC:7  Xp:2 T:1452  Burdened

Latest messages:
 With great effort you move the boulder.
 You stumble into a spider web!
 You disentangle yourself.
 You stumble into a spider web!
 You disentangle yourself.
 Slasher is caught in a spider web.
 You see here a large box.
 In what direction?
 Hmmm, the large box turns out to be locked.
 You see here a locked large box.
 #
 There is a locked large box here; force its lock? [ynq] (q)
 You start bashing it with your club.
 You succeed in forcing the lock.
 In what direction?
 You have a little trouble removing a food ration.  Continue? [ynq] (q)
 You have a little trouble removing v - a food ration.
 w - a dusty spellbook.
 Your movements are slowed slightly because of your load.
 You have a little trouble lifting x - an empty broken large box.
 Where do you want to travel to?
 (For instructions type a '?')
 You stumble into a spider web!
 You disentangle yourself.
 You stumble into a spider web!
 You disentangle yourself.
 Where do you want to travel to?
 (For instructions type a '?')
 The homunculus bites!
 Something is written here in the dust.
 You read: "E||er?th[l|erc n".
 The homunculus just misses!
 What do you want to drop? [$a-tv-x or ?*]
 You drop an empty broken large box.
 The homunculus bites!
 You are put to sleep by the homunculus!
 The homunculus bites!
 The combat suddenly awakens you.
 The homunculus bites!
 You miss the homunculus.
 The homunculus bites!
 You miss the homunculus.
 The kitten bites!
 The homunculus bites!
 You are put to sleep by the homunculus!
 The kitten bites!
 The homunculus bites!
 The kitten bites!
 You die...
 Do you want your possessions identified? [ynq] (y)

Inventory:
 Coins    ('$')
  $ - 33 gold pieces
 Weapons  (')')
  b - a +2 sling (alternate weapon; not wielded)
  a - a +1 club (weapon in left hand)
  g - the +0 Fire Brand
 Armor    ('[')
  q - an uncursed +0 orcish helm (being worn)
  e - an uncursed +0 leather armor (being worn)
 Comestibles  ('%')
  v - an uncursed food ration
 Scrolls  ('?')
  r - an uncursed scroll of enchant weapon
 Spellbooks  ('+')
  h - an uncursed spellbook of create monster
  o - an uncursed spellbook of cure blindness
  w - an uncursed spellbook of teleport away
 Potions  ('!')
  i - a blessed potion of healing
  n - 2 uncursed potions of healing
  k - a blessed potion of speed
  j - 2 uncursed potions of speed
  s - an uncursed potion of water
 Wands    ('/')
  t - a wand of digging (0:4)
  m - a wand of light (0:12)
  f - a wand of polymorph (0:4)
  p - a wand of probing (0:7)
 Tools    ('(')
  l - an uncursed stethoscope
 Gems/Stones  ('*')
  c - 18 uncursed flint stones (in quiver pouch)
  d - 25 uncursed rocks

GdeVolpiano the Cavewoman's attributes:

Background:
 You were a Troglodyte, a level 2 dwarven Cavewoman.
 You were lawful, nominally on a mission for Anu
 who was opposed by Ishtar (neutral) and Anshar (chaotic).
 You were left-handed.
 You were in the Dungeons of Doom, on level 4.
 You entered the dungeon 1452 turns ago.
 You had 39 experience points, 1 more was needed to attain level 3.

Basics:
 You had 0 out of 26 hit points.
 You had both energy points (spell power).
 Your armor class was 7.
 Your wallet contained 33 zorkmids.
 Autopickup was on for '$?!/="+' plus thrown, with exceptions.

Final Characteristics:
 Your strength was 18/02 (limit:18/100).
 Your dexterity was 12 (limit:20).
 Your constitution was 18 (limit:20).
 Your intelligence was 8 (limit:16).
 Your wisdom was 9 (limit:16).
 Your charisma was 8 (limit:16).

Final Status:
 You weren't hungry.
 You were burdened; movement was slightly slowed.
 You were wielding a club.
 You had basic skill with club.

Final Attributes:
 You were devoutly aligned.
 You had infravision.
 You were warded.
 You are dead.

Miscellaneous:
 You didn't encounter any bones levels.
 Total elapsed playing time was 7 minutes and 57 seconds.

Major events:
 Turn
    1: GdeVolpiano the lawful dwarven Cavewoman entered the dungeon
   46: found Fire Brand on the floor
 1321: entered the Gnomish Mines
 1452: killed by a kitten, while sleeping

You didn't know any spells.

Skills:
 Fighting Skills
   bare handed combat [Basic]
 Weapon Skills
   dagger             [Unskilled]
   knife              [Unskilled]
   axe                [Unskilled]
   pick-axe           [Unskilled]
   club               [Basic]
   mace               [Unskilled]
   morning star       [Unskilled]
   flail              [Unskilled]
   hammer             [Unskilled]
   quarterstaff       [Unskilled]
   polearms           [Unskilled]
   spear              [Unskilled]
   trident            [Unskilled]
   bow                [Unskilled]
   sling              [Basic]
   boomerang          [Unskilled]
   unicorn horn       [Unskilled]
 Spellcasting Skills
   attack spells      [Unskilled]
   matter spells      [Unskilled]

Voluntary challenges:
 Character rerolling was not enabled.
 You were an atheist.
 You never genocided any monsters.
 You never polymorphed an object.
 You never changed form.
 You used no wishes.
Achievement:
 You entered the Gnomish Mines.

 The Dungeons of Doom: levels 1 to 4
    Level 1:
    Level 2:
    Level 3:
       A fountain.
    Level 4: <- You were here.
       A fountain.
       Stairs down to The Gnomish Mines.
       Final resting place for
          you, killed by a kitten, while sleeping.
 The Gnomish Mines:
    Level 5:


Vanquished creatures:
  a gas spore
  a yellow mold
  3 geckos
  a jackal
  2 foxes
  a kobold
  a goblin
  4 grid bugs
  a lichen
  4 newts
19 creatures vanquished.

No species were genocided or became extinct.

Game over:
                       ----------
                      /          \
                     /    REST    \
                    /      IN      \
                   /     PEACE      \
                  /                  \
                  |   GdeVolpiano    |
                  |      33 Au       |
                  |   killed by a    |
                  |      kitten      |
                  |                  |
                  |                  |
                  |       2026       |
                 *|     *  *  *      | *
        _________)/\\_//(\/(/\)/\//\/|_)_______

Goodbye GdeVolpiano the Cavewoman...

You died in The Dungeons of Doom on dungeon level 4 with 406 points,
and 33 pieces of gold, after 1452 moves.
You were level 2 with a maximum of 26 hit points when you died.

